General information
- name: BNet
- type: Ladder 1vs1/FFA
- host: Battle.net
- saver: ZombieMachoMan
map: TurtleRock
- players: 2
- length: 28:22
- speed: Fast
- version: 1.26 W3XP
- replay type: Public
» download(102 KB)
Players
team 1 (winner)
ZombieMachoMan (
teal | 75 APM | 2135 actions | 28:22)
9 Paladin
3 Holy Light
3 Divine Shield
2 Resurrection
1 Devotion Aura
» actions
| Assign group hotkey | 61 | |
| Basic commands | 115 | |
| Build / train | 150 | |
| Enter build submenu | 36 | |
| Enter hero's abilities submenu | 9 | |
| Give item / drop item | 4 | |
| Right click | 794 | |
| Select / deselect | 504 | |
| Select group hotkey | 236 | |
| Use ability | 226 | |
2135 total
» units
| Peasant | 25 | |
| Footman | 11 | |
| Sorceress | 2 | |
| Mortar Team | 3 | |
| Knight | 9 | |
| Priest | 2 | |
| Siege Engine | 3 | |
| Dragonhawk Rider | 1 | |
56 total
» upgrades
| Defend | 1 | |
| Gunpowder | 3 | |
| Masonry | 3 | |
| Sorceress Training | 2 | |
| Animal War Training | 1 | |
| Fragmentation Shards | 1 | |
| Flare | 1 | |
| Magic Sentry | 1 | |
| Swords | 3 | |
| Plating | 3 | |
| Barrage | 1 | |
| Priest Training | 2 | |
| Cloud | 1 | |
23 total
» buildings
| Altar of Kings | 1 | |
| Barracks | 2 | |
| Farm | 15 | |
| Scout Tower | 12 | |
| Arcane Tower | 3 | |
| Lumber Mill | 1 | |
| Town Hall | 1 | |
| Arcane Vault | 1 | |
| Guard Tower | 5 | |
| Keep | 1 | |
| Castle | 2 | |
| Arcane Sanctum | 1 | |
| Blacksmith | 2 | |
| Workshop | 2 | |
| Gryphon Aviary | 2 | |
51 total
» build order
00:05 Altar of Kings
00:08 Barracks
00:30 Farm
00:47 Farm
01:33 Scout Tower
02:08 Farm
02:15 Arcane Tower
02:53 Farm
03:07 Lumber Mill
04:48 Farm
04:50 Scout Tower
04:57 Town Hall
05:02 Arcane Tower
05:02 Arcane Tower
05:16 Arcane Vault
05:23 Farm
05:29 Scout Tower
05:32 Scout Tower
05:39 Scout Tower
05:41 Scout Tower
05:42 Scout Tower
06:01 Guard Tower
06:40 Guard Tower
06:42 Guard Tower
06:45 Scout Tower
06:46 Scout Tower
06:54 Scout Tower
06:57 Scout Tower
07:09 Scout Tower
07:52 Keep
07:59 Guard Tower
08:57 Guard Tower
10:13 Castle
10:14 Castle
10:17 Arcane Sanctum
10:24 Blacksmith
11:08 Workshop
11:10 Workshop
22:36 Barracks
24:11 Blacksmith
24:35 Farm
24:35 Farm
24:36 Farm
24:36 Farm
24:37 Farm
24:38 Farm
24:38 Farm
24:39 Farm
24:41 Gryphon Aviary
24:41 Gryphon Aviary
25:04 Farm
» items
| Lesser Clarity Potion | 9 | |
| Scroll of Regeneration | 7 | |
| Mechanical Critter | 6 | |
| Boots of Speed | 1 | |
| Potion of Invisibility | 3 | |
| Staff of Teleportation | 1 | |
| Periapt of Vitality | 1 | |
| Potion of Mana | 6 | |
| Potion of Lesser Invulnerability | 1 | |
| Scroll of Town Portal | 3 | |
| Potion of Healing | 2 | |
| Orb of Fire | 1 | |
| Staff of Sanctuary | 1 | |
| Tome of Retraining | 1 | |
43 total
team 2 (loser)
imbored_778s (
orange | 105 APM | 2975 actions | 28:21)
4 Death Knight
2 Death Coil
2 Unholy Aura
3 Lich
2 Frost Nova
1 Dark Ritual
1 Crypt Lord
1 Impale
» actions
| Assign group hotkey | 20 | |
| Basic commands | 180 | |
| Build / train | 120 | |
| Enter build submenu | 34 | |
| Enter hero's abilities submenu | 8 | |
| Give item / drop item | 9 | |
| Remove unit from queue | 3 | |
| Right click | 1216 | |
| Select / deselect | 539 | |
| Select group hotkey | 732 | |
| Use ability | 114 | |
2975 total
» units
| Acolyte | 46 | |
| Ghoul | 8 | |
| Crypt Fiend | 8 | |
| Obsidian Statue | 1 | |
| Meatwagon | 3 | |
| Abomination | 1 | |
67 total
» upgrades
| Creature Carapace | 2 | |
| Creature Attack | 1 | |
| Web | 1 | |
| Burrow | 1 | |
| Destroyer Form | 1 | |
| Ghoul Frenzy | 1 | |
7 total
» buildings
| Ziggurat | 12 | |
| Crypt | 2 | |
| Graveyard | 1 | |
| Tomb of Relics | 3 | |
| Altar of Darkness | 1 | |
| Nerubian Tower | 5 | |
| Spirit Tower | 9 | |
| Halls of the Dead | 1 | |
| Necropolis | 2 | |
| Slaughterhouse | 3 | |
| Black Citadel | 3 | |
42 total
» build order
00:09 Ziggurat
00:15 Crypt
00:40 Graveyard
00:56 Tomb of Relics
01:00 Altar of Darkness
01:31 Ziggurat
01:54 Tomb of Relics
02:36 Nerubian Tower
02:49 Spirit Tower
02:49 Spirit Tower
03:51 Crypt
04:08 Ziggurat
04:38 Ziggurat
04:41 Ziggurat
05:22 Spirit Tower
05:53 Spirit Tower
07:02 Halls of the Dead
11:18 Necropolis
13:27 Slaughterhouse
13:29 Slaughterhouse
13:31 Ziggurat
13:39 Ziggurat
13:40 Ziggurat
13:41 Ziggurat
14:07 Tomb of Relics
14:09 Ziggurat
15:05 Nerubian Tower
15:06 Spirit Tower
16:22 Nerubian Tower
16:23 Spirit Tower
17:08 Nerubian Tower
17:18 Black Citadel
17:18 Black Citadel
17:18 Black Citadel
18:11 Ziggurat
20:26 Necropolis
20:37 Nerubian Tower
21:35 Slaughterhouse
25:00 Ziggurat
26:23 Spirit Tower
26:23 Spirit Tower
» items
| Rod of Necromancy | 6 | |
| Potion of Healing | 3 | |
| Scroll of Town Portal | 2 | |
| Potion of Mana | 1 | |
| Scroll of Healing | 1 | |
13 total
Chat log
(08:48 / All) imbored_778s: fuck yu
(09:41 / All) imbored_778s: fuck u
(09:47 / All) imbored_778s: i hate u
(15:59 / All) imbored_778s: i hate u
(16:26 / All) imbored_778s: get alife
(16:29 / All) imbored_778s: do sometinhg else
(20:08 / All) imbored_778s: fuckin hate u
(21:00 / All) imbored_778s: GET A FUCKIGN LFIOE
(21:03 / All) imbored_778s: play like a man
(21:07 / All) imbored_778s: not a fucking wimp ass punok
(26:30 / All) imbored_778s: get a fuckin life
(26:34 / All) imbored_778s: and play the real way
(26:39 / All) imbored_778s: wit footman and knighhts
(28:14 / All) imbored_778s: f u
(28:19 / All) imbored_778s: get a life
(28:20 / All) imbored_778s: faget